Map: Ascension to Aiur LE

Players

Lambo - Winner!

  • Race: Zerg Zerg
  • Spawn Location: 11:00

MperorM

  • Race: Terran Terran
  • Spawn Location: 5:00

Event: WCS Valencia 2017

VOD

Have the link to the VOD?

Description

Time

  • Played on: July 13, 2017, 7:19 a.m.
  • Length: 10:35

All games in this series

Show
View Real Time Build Order
Export as new Build Order

Lambo Zerg - Winner!

Build Orders: Hatch First 

Get SALT Encoding   

  12  0:00  Drone  
  13  0:12  Overlord  
  13  0:17  Drone  
  14  0:30  Drone x2  
  14  0:35  Drone  
  17  0:51  Hatchery  
  17  0:54  Drone  
  17  0:58  Drone  
  18  1:08  Extractor  
  17  1:13  Spawning Pool  
  17  1:15  Drone  
  17  1:18  Drone  
  18  1:28  Drone  
  19  1:39  Overlord  
  19  1:55  Drone  
  20  2:01  Queen  
  20  2:02  Zergling x4  
  20  2:04  Queen  
  20  2:08  Metabolic Boost  
  26  2:11  Drone  
  26  2:15  Drone  
  28  2:21  Drone  
  29  2:33  Spore Crawler  
  29  2:37  Hatchery  
  29  2:38  Drone  
  29  2:40  Drone  
  30  2:48  Queen  
  30  2:50  Drone  
  33  2:55  Overlord  
  33  2:59  Drone  
  33  3:01  Drone  
  33  3:05  Drone  
  36  3:14  Drone x2, Overlord  
  36  3:16  Drone x2  
  36  3:19  Drone x2  
  42  3:25  Queen  
  44  3:33  Overlord  
  44  3:36  Drone  
  44  3:37  Drone x2  
  44  3:40  Evolution Chamber  
  46  3:42  Drone x2  
  46  3:47  Overlord  
  48  3:49  Drone x2  
  48  3:54  Baneling Nest  
  48  3:59  Spore Crawler  
  48  4:00  Zergling x6  
  50  4:04  Extractor, Drone  
  50  4:06  Queen  
  53  4:10  Zergling x2  
  53  4:16  Zerg Ground Armor Level 1, Drone x2  
  55  4:19  Drone  
  55  4:22  Drone x2  
  58  4:26  Drone  
  58  4:27  Drone x2  
  61  4:31  Queen  
  61  4:36  Drone x2  
  65  4:39  Zergling x2  
  65  4:40  Zergling x4  
  65  4:43  Overlord  
  68  4:46  Overlord  
  65  4:54  Drone x4  
  59  5:01  Drone x3  
  61  5:08  Drone x3  
  61  5:11  Overlord  
  64  5:15  Overlord  
  64  5:19  Drone x3  
  66  5:23  Drone x2  
  66  5:24  Drone  
  66  5:26  Overlord  
  66  5:27  Drone  
  70  5:33  Evolution Chamber, Lair  
  69  5:35  Drone  
  69  5:36  Drone  
  69  5:39  Drone x3  
  69  5:41  Extractor  
  73  5:43  Drone x2  
  73  5:44  Extractor  
  73  5:45  Overlord  
  74  5:51  Drone  
  74  5:54  Overlord  
  74  5:55  Drone x2  
  77  5:57  Overlord  
  77  6:00  Overlord  
  77  6:03  Drone x3  
  80  6:05  Overlord  
  80  6:06  Drone x2  
  80  6:11  Extractor, Overlord  
  82  6:12  Extractor, Drone  
  82  6:15  Overlord  
  82  6:17  Overlord  
  81  6:22  Drone x4  
  81  6:24  Overlord  
  85  6:25  Drone x2  
  85  6:26  Drone  
  85  6:27  Queen  
  85  6:32  Hatchery  
  86  6:34  Zergling x2  
  86  6:35  Zergling x2  
  86  6:38  Zerg Melee Weapons Level 1  
  86  6:39  Zerg Ground Armor Level 2  
  87  6:48  Hydralisk Den  
  87  6:53  Pneumatized Carapace  
  86  6:57  Centrifical Hooks  
  86  6:58  Zergling x2  
  86  6:59  Zergling x16, Hydralisk Den  
  95  7:05  Overlord  
  95  7:12  Zergling x14  
  102  7:15  Drone  
  102  7:19  Muscular Augments  
  102  7:20  Drone x2  
  105  7:22  Hydralisk  
  105  7:23  Hydralisk x2  
  105  7:26  Infestation Pit  
  110  7:35  Overseer  
  104  7:39  Hydralisk x2  
  104  7:40  Zergling x4  
  104  7:41  Zergling x2  
  104  7:42  Overlord  
  111  7:44  Overlord  
  111  7:45  Drone x4  
  115  7:55  Drone x4  
  115  7:56  Drone  
  115  7:58  Overlord  
  120  8:00  Hydralisk  
  120  8:03  Hive  
  122  8:10  Hydralisk x3  
  128  8:17  Hydralisk x2  
  128  8:18  Zergling x10  
  137  8:24  Hydralisk x2  
  137  8:25  Zergling x8  
  140  8:32  Zerg Missile Weapons Level 1  
  138  8:34  Hydralisk x4  
  138  8:40  Hydralisk x2  
  148  8:44  Overlord  
  148  8:48  Overseer  
  148  8:51  Hydralisk x2  
  148  8:52  Zergling x18  
  159  8:58  Hatchery  
  159  9:02  Zergling x8  
  162  9:11  Zergling x4  
  162  9:16  Baneling x11  
  164  9:20  Extractor x2, Zergling x20  
  164  9:22  Baneling x9  
  172  9:32  Zergling x14  
  172  9:34  Baneling x5  
  179  9:43  Zergling x12  
  173  9:53  Zergling x12  
  173  9:57  Hydralisk x2  
  173  10:00  Hydralisk  
  173  10:01  Hydralisk, Zergling x4  
  173  10:06  Zergling x2, Ultralisk Cavern  
  173  10:07  Zergling x4  
  175  10:11  Baneling x5  
  175  10:13  Drone  
  176  10:16  Zergling x8  
  176  10:20  Baneling  
  176  10:21  Baneling x7  
Show
View Real Time Build Order
Export as new Build Order

MperorM Terran 

Build Orders: Reaper Expand, MMM Bio 

Get SALT Encoding   

  12  0:00  SCV  
  13  0:12  SCV  
  14  0:17  Supply Depot  
  14  0:24  SCV  
  15  0:38  SCV  
  15  0:39  Barracks  
  16  0:44  Refinery  
  16  0:50  SCV  
  17  1:02  SCV  
  18  1:15  SCV  
  19  1:27  Orbital Command  
  19  1:28  Reaper  
  20  1:40  Command Center  
  20  1:50  Supply Depot  
  20  1:53  SCV  
  21  2:00  Marine  
  22  2:04  Factory  
  22  2:07  SCV  
  23  2:13  Refinery  
  23  2:20  SCV  
  23  2:21  Barracks Reactor  
  24  2:33  SCV  
  25  2:45  SCV  
  25  2:50  Starport  
  26  2:52  Orbital Command  
  26  2:57  SCV  
  27  3:01  Hellion x2  
  27  3:03  Marine  
  32  3:09  SCV  
  33  3:17  SCV  
  33  3:18  Supply Depot  
  34  3:21  SCV, Marine, Widow Mine  
  34  3:22  Widow Mine  
  34  3:26  Medivac  
  42  3:30  SCV  
  43  3:39  Marine  
  43  3:40  SCV  
  45  3:52  Hellion x2  
  45  3:54  SCV x2  
  45  3:55  Supply Depot  
  51  4:00  Barracks Tech Lab, Starport Reactor  
  51  4:08  SCV  
  52  4:12  SCV, Command Center  
  52  4:16  Widow Mine x2  
  57  4:21  Stimpack, Marine  
  58  4:25  Barracks  
  58  4:30  SCV  
  59  4:31  Supply Depot  
  59  4:34  SCV  
  59  4:38  Medivac  
  62  4:41  Refinery  
  62  4:53  SCV, Medivac  
  62  4:57  SCV  
  56  5:06  Marine  
  56  5:08  Engineering Bay, Widow Mine x2  
  56  5:09  Engineering Bay  
  56  5:10  Barracks  
  56  5:12  Barracks  
  60  5:20  Barracks Reactor  
  55  5:21  SCV  
  55  5:24  Marine  
  54  5:29  SCV  
  54  5:35  Terran Infantry Armor Level 1, Terran Infantry Weapons Level 1  
  55  5:41  SCV, Supply Depot  
  56  5:43  Supply Depot  
  56  5:44  Supply Depot  
  56  5:45  Widow Mine x2  
  56  5:46  Medivac  
  56  5:49  SCV, Marine  
  63  5:55  SCV  
  64  5:58  Barracks Reactor, Marine x2  
  64  6:03  Barracks Reactor  
  64  6:07  SCV  
  64  6:09  Orbital Command  
  63  6:14  Marauder  
  65  6:19  SCV, Marine x2  
  65  6:20  SCV  
  65  6:22  Armory  
  66  6:31  SCV  
  64  6:34  Marine  
  64  6:35  Marine x2, Widow Mine  
  64  6:36  Medivac, Widow Mine  
  64  6:37  SCV  
  74  6:40  SCV  
  74  6:43  Bunker  
  74  6:44  Marine x3  
  78  6:54  Marine x4  
  78  6:57  Medivac  
  78  6:58  SCV x2  
  78  6:59  Refinery  
  78  7:00  SCV  
  87  7:03  Supply Depot  
  87  7:05  Supply Depot  
  87  7:09  Marine, Supply Depot  
  87  7:14  SCV  
  87  7:15  SCV x2  
  91  7:27  SCV  
  88  7:37  Marine x5  
  88  7:38  Terran Infantry Armor Level 2, SCV, Marauder, Terran Infantry Weapons Level 2  
  88  7:42  Supply Depot  
  93  7:46  Supply Depot  
  85  7:54  Widow Mine x2  
  85  7:55  SCV  
  90  7:59  Marine  
  90  8:00  Marine x4  
  90  8:02  SCV  
  96  8:06  Command Center  
  96  8:11  Marine  
  97  8:14  SCV  
  97  8:17  Barracks x2  
  98  8:22  SCV  
  98  8:26  Liberator x2  
  87  8:28  Marine x6  
  87  8:31  Widow Mine x2  
  87  8:33  SCV  
  98  8:41  Marine  
  98  8:47  Marauder  
  107  8:51  Factory x2  
  107  8:54  Marine x3  
  107  8:55  SCV x3  
  97  8:59  Combat Shields  
  98  9:03  Marine x3, Refinery  
  98  9:04  Refinery  
  98  9:05  Barracks Tech Lab  
  98  9:06  Barracks Reactor  
  98  9:07  SCV x2  
  98  9:08  Marauder  
  98  9:09  Widow Mine x2  
  105  9:13  SCV  
  110  9:18  Marine  
  110  9:19  Marine x2, SCV  
  110  9:21  SCV x2  
  110  9:22  Refinery  
  116  9:30  Marine x3  
  122  9:33  Marauder x2, SCV x2  
  122  9:34  Factory Tech Lab  
  122  9:35  Factory Tech Lab  
  122  9:37  Marine x2, Refinery  
  122  9:38  Marine  
  128  9:48  Marine  
  104  9:54  Marine x3  
  104  9:55  SCV  
  104  9:58  Hellion  
  104  9:59  SCV  
  72  10:08  Marine  
  72  10:09  Marine x3  
  72  10:13  Marauder  
  78  10:15  Bunker  
  78  10:18  Bunker  
  78  10:20  Bunker  
Tags
 
Add a new tag
Caveats
  • Supply blocks, unpowered buildings, or Contaminate may cause inaccurate times.
  • Supply counts are checked every 10 seconds.